 Dungeon Crawl Stone Soup version 0.21.1-1-g345015f (webtiles) character file.

149 Fang the Shield-Bearer (level 5, -1/33 HPs)
             Began as a Gargoyle Fighter on May 7, 2018.
             Slain by Sigmund
             ... wielding a +0 scythe
              (2 damage)
             ... on level 3 of the Dungeon.
             The game lasted 00:03:13 (1861 turns).

Fang the Shield-Bearer (Gargoyle Fighter)           Turns: 1861, Time: 00:03:16

Health: -1/33      AC: 11    Str: 18 (21) XL:     5   Next: 31%
Magic:  5/5        EV:  7    Int:  8      God:
Gold:   101        SH:  8    Dex:  6 (9)  Spells: 4/4 levels left

rFire    . . .     SeeInvis .   a - +0 war axe
rCold    . . .     Gourm    .   c - +0 shield
rNeg     + . .     Faith    .   b - +0 scale mail
rPois    ∞         Spirit   .   (no helmet)
rElec    +         Reflect  .   h - scarf {cloud immunity}
rCorr    .         Harm     .   (no gloves)
MR       .....                  (no boots)
Stlth    ..........             (no amulet)
HPRegen  0.11/turn              (no ring)
MPRegen  0.09/turn              (no ring)

@: no status effects
A: negative energy resistance 1, electricity resistance, unbreathing,
petrification resistance, rot immunity, AC +4
a: no special abilities


You were on level 3 of the Dungeon.
You were very hungry.

You visited 1 branch of the dungeon, and saw 3 of its levels.

You collected 101 gold pieces.

Inventory:

Hand Weapons
 a - a +0 war axe (weapon)
Armour
 b - a +0 scale mail (worn)
 c - a +0 shield (worn)
 h - a scarf of cloud immunity (worn)
Jewellery
 p - an uncursed ring of stealth {unknown}
 q - an uncursed ring of stealth {unknown}
Wands
 m - a wand of flame (10)
 r - a wand of acid (3)
Scrolls
 e - 2 scrolls of remove curse {unknown}
 k - 4 scrolls of teleportation {unknown}
 n - a scroll of fog {unknown}
Potions
 d - a potion of might
 g - 3 potions of magic {unknown}
 i - a potion of agility {unknown}
 j - 2 potions of degeneration
 l - a potion of curing
Comestibles
 f - 4 rations


   Skills:
 + Level 3.9 Fighting
 + Level 3.1 Axes
 + Level 3.9 Armour
 + Level 0.7 Dodging
 * Level 1.5 Stealth
 + Level 4.0 Shields


You had 4 spell levels left.
You didn't know any spells.

Dungeon Overview and Level Annotations

Branches:
Dungeon (3/15)

Altars:

Annotations:
D:3 1 runed door, Sigmund


Innate Abilities, Weirdness & Mutations

You are resistant to torment.
Your stone body is resilient. (AC +4)
You are immune to poison.
You resist negative energy. (rN+)
You are resistant to electric shocks. (rElec)
You can survive without breathing.
You are immune to petrification.
You are immune to rotting.


Message History

Something hits you but does no damage.
You slash something! Something hits you but does no damage.
You closely miss something. Something hits you.
* * * LOW HITPOINT WARNING * * *
You hit something. Something hits you but does no damage.
You closely miss something. You miss something.
You hear some strange, mumbled words.
A magic dart appears from out of thin air!
The magic dart hits you!
* * * LOW HITPOINT WARNING * * *
Something hits you but does no damage.
You miss something.
You feel less wooden.
Your scarf of cloud immunity unmelds from your body.
Your +0 scale mail unmelds from your body.
You feel immune to the effects of clouds.
You are feeling very hungry.
Something hits you.
You die...

... ... ..... #........ ...
.....##........ ...
.............. ...
#............ ...
#.#............ .#####
#.#............
.##...####.....†)†......
.##........##...@{......
..#........##...........
..#........##...##....##
........................
.#.#...<.................
.#.........#................#
.#)....###...................
.......###..................#
.......#.##.................#..


There were no monsters in sight!

Vanquished Creatures
  Ijyb (D:3)
  5 adders
  2 worms
  A dart slug (D:1)
  3 leopard geckos
  5 giant cockroaches
  7 goblins
  14 hobgoblins
  A quokka (D:3)
  3 ball pythons
  8 bats
  4 frilled lizards
  9 kobolds
  7 rats
70 creatures vanquished.

Notes
Turn   | Place    | Note
-------+----------+-------------------------------------------
     0 | D:1      | Fang the Gargoyle Fighter began the quest for the Orb.
     0 | D:1      | Reached XP level 1. HP: 14/14 MP: 1/1
    75 | D:1      | Reached XP level 2. HP: 16/19 MP: 2/2
   297 | D:1      | Reached XP level 3. HP: 21/23 MP: 3/3
   928 | D:2      | Reached XP level 4. HP: 29/29 MP: 4/4
  1488 | D:3      | Reached skill level 1 in Stealth
  1492 | D:3      | Noticed Ijyb
  1521 | D:3      | Killed Ijyb
  1521 | D:3      | Reached skill level 4 in Shields
  1521 | D:3      | Reached XP level 5. HP: 33/33 MP: 5/5
  1787 | D:3      | Found a runed door.
  1831 | D:3      | Noticed Sigmund
  1860 | D:3      | HP: 2/49 [something/magic dart (7)]
  1861 | D:3      | Slain by Sigmund

Skill      XL: |  1  2  3  4 |
---------------+-------------+-----
Axes           | 2 3 |  3.1
Stealth        | 1 |  1.5
Shields        | 4 |  4.0
Fighting       | |  3.9
Armour         | |  3.9
Dodging        | |  0.7

Action                   |  1- 3 |  4- 6 || total
-------------------------+-------+-------++-------
Melee: War axe           |   146 |   147 ||   293
  Use: Potion            |       |     5 ||     5
  Eat: Chunk             |       |     3 ||     3
Armor: Scale mail        |    73 |    86 ||   159
       Skin              |       |    57 ||    57
Dodge: Dodged            |    50 |    52 ||   102
Block: Shield            |    90 |    92 ||   182
